 Dungeon Crawl Stone Soup version 0.25-a0-975-gcae8493d64 (webtiles) character file.

Game seed: 6153953328333821602, levelgen mode: deterministic

15129 Flugslaktarn the Cleaver (level 12, 0/97 HPs)
             Began as a Barachi Fighter on May 9, 2020.
             Was a High Priest of Makhleb.
             Slain by a skeletal warrior
             ... wielding a +0 glaive
              (6 damage)
             ... on level 11 of the Dungeon.
             The game lasted 00:07:22 (11651 turns).

Flugslaktarn the Cleaver (Barachi Fighter)         Turns: 11651, Time: 00:07:23

Health: 0/97       AC: 28    Str: 26    XL:     12   Next: 23%
Magic:  17/17      EV:  8    Int:  9    God:    Makhleb [*****.]
Gold:   378        SH: 12    Dex: 11    Spells: 11/11 levels left

rFire    + . .     SeeInvis .   b - +1 war axe (flame)
rCold    . . .     Gourm    .   c - +0 kite shield
rNeg     . . .     Faith    .   E - +0 plate armour
rPois    +         Spirit   .   v - +2 helmet
rElec    .         Reflect  .   u - +2 cloak
rCorr    .         Harm     .   g - +2 pair of gloves {Str+3}
MR       +....                  A - +2 pair of boots (curse)
Stlth    ..........             (no amulet)
HPRegen  0.26/turn              o - ring of poison resistance
MPRegen  0.15/turn              m - ring of protection from magic

@: slow
A: +LOS, swims, repulsion field 1, fire resistance 1, slowness 1, strong legs 1
a: Hop, Minor Destruction, Lesser Servant of Makhleb, Major Destruction, Greater
Servant of Makhleb, Renounce Religion


You were on level 11 of the Dungeon.
You worshipped Makhleb.
Makhleb was extremely pleased with you.
You were very hungry.

You visited 1 branch of the dungeon, and saw 12 of its levels.

You collected 679 gold pieces.
You spent 301 gold pieces at shops.

Inventory:

Hand Weapons
 b - a +1 war axe of flaming (weapon)
   (You found it on level 4 of the Dungeon)
 F - a cursed +4 war axe
   (You took it off a wight on level 11 of the Dungeon)
Armour
 c - a +0 kite shield (worn)
 g - a +2 pair of gloves of strength (worn)
   (You bought it in a shop on level 8 of the Dungeon)
 i - a +0 tower shield
   (You found it on level 3 of the Dungeon)
 u - a +2 cloak (worn)
   (You found it on level 4 of the Dungeon)
 v - a +2 helmet (worn)
   (You found it on level 6 of the Dungeon)
 A - a cursed +2 pair of boots (worn)
   (You found it on level 7 of the Dungeon)
 E - a +0 plate armour (worn)
   (You took it off an orc warrior on level 9 of the Dungeon)
Jewellery
 d - an uncursed ring of fire
   (You found it on level 7 of the Dungeon)
 m - a ring of protection from magic (right hand)
   (You found it on level 1 of the Dungeon)
 o - a ring of poison resistance (left hand)
   (You found it on level 2 of the Dungeon)
Wands
 C - a wand of acid (9)
   (You took it off a crimson imp on level 7 of the Dungeon)
Scrolls
 k - 4 scrolls of magic mapping
 l - a scroll of fog
 r - a scroll of identify
 s - a scroll of fear
 t - 2 scrolls of teleportation
 x - 4 scrolls of remove curse
 y - 4 scrolls of enchant armour
 z - a scroll of blinking
 B - a scroll of holy word
Potions
 a - a potion of lignification
 f - a potion of flight
 h - 3 potions of haste
 j - a potion of mutation
 n - a potion of resistance
 q - 2 potions of curing
 w - a potion of heal wounds
 D - a potion of berserk rage
Comestibles
 e - 10 rations


   Skills:
 + Level 10.2 Fighting
 * Level 12.5 Axes
 + Level 10.2 Armour
 + Level 9.4 Shields
 + Level 7.0 Invocations


You had 11 spell levels left.
You didn't know any spells.
Your spell library was empty.

Dungeon Overview and Level Annotations

Branches:
Dungeon (12/15)            Temple (0/1) D:6            Lair (0/6) D:10
    Orc: D:9-12

Altars:
Cheibriados
Dithmenos
Fedhas
Kikubaaqudgha
Makhleb
Qazlal
Ru
Vehumet
Wu Jian
Yredelemnul

Shops:
D:8 *

Annotations:
D:9 3 runed translucent doors, acepyromaniac2's ghost, novice GnWn
D:10 1 runed translucent door
D:11 2 transporters, Flugslaktarn's ghost, journeyman MiFi


Innate Abilities, Weirdness & Mutations

You can be seen from farther away. (+LOS)
You can swim through water.
You cover ground slowly.
You can hop short distances.
You are surrounded by a mild repulsion field. (EV +2)
Your flesh is heat resistant. (rF+)


Message History

The skeletal warrior burns! x2
The skeletal warrior barely misses your smoke demon.
The skeletal warrior hits you but does no damage.
The skeletal warrior burns!
The skeletal warrior is destroyed!
Makhleb accepts your kill.
Your smoke demon hits the skeletal warrior but does no damage.
Your smoke demon hits the skeletal warrior.
Your smoke demon barely misses the skeletal warrior.
Your smoke demon hits the skeletal warrior but does no damage. x2
Your smoke demon closely misses the skeletal warrior.
Your smoke demon gestures at the skeletal warrior.
The sticky flame hits the skeletal warrior but does no damage.
The skeletal warrior is covered in liquid flames!
The skeletal warrior hits you from afar with a +0 glaive!
* * * LOW HITPOINT WARNING * * *
The skeletal warrior burns! x2
The skeletal warrior burns!
The skeletal warrior hits you from afar with a +0 glaive.
You die...

#.#..#........#|.....=.$..#.....
##.#..#.......©#(....©W....#©...≈
.#.#..#........#[..........#...≈.
.#.#..#........#..#8#.#8#..#.....
.#.#).#.....''.#..###.###..#.....
.#.#..##..).##.#WM.....$...#.....
.#.#.........3.#WW.........#.....
÷#.##.########z#############.....
÷#.##.#.###z....@................
.#.##^#...'..[.#####.##....'.....
.#......z##..........##....#.....
.#...z...####.#########....#....)
.#............##...........######
.#.z.....#######.#####.....#
.##......##...............##
.##......##.####)#........#
.##......##.# #.#........#


You could see 3 skeletal warriors, a freezing wraith, a hungry ghost, a mummy,
Flugslaktarn's ghost and a friendly smoke demon (summoned).

Vanquished Creatures
  A hydra (D:11)
  A two-headed ogre (D:9)
  A skeletal warrior (D:11)
  An unseen horror (D:10)
  The ghost of Thantalas the Ruffian, a novice TrFi of Ru (D:6)
  An ugly thing (D:11)
  Psyche (D:9)
  A centaur skeleton (D:11)
  A kobold demonologist (D:11)
  Grinder (D:5)
  A troll (D:9)
  A hornet (D:6)
  A hippogriff (D:11)
  A vampire (D:10)
  21 yaks
  A wyvern (D:11)
  2 hungry ghosts (D:9)
  2 vampire mosquitoes (D:12)
  3 wargs (D:10)
  A water moccasin (D:7)
  2 sky beasts
  4 ice beasts
  3 orc warriors (D:9)
  3 black bears
  A necrophage (D:8)
  2 phantoms
  7 ogres
  An eye of draining (D:9)
  5 centaurs
  A big kobold (D:11)
  5 bullfrogs
  A wyvern zombie (D:7)
  2 wyvern skeletons
  3 scorpions
  6 killer bees (D:8)
  6 howler monkeys
  6 wights
  5 crimson imps
  2 bullfrog zombies
  6 hounds
  4 orc priests
  A jelly (D:8)
  4 bullfrog skeletons
  2 centaur zombies
  7 orc wizards
  Natasha (thrice) (D:3)
  5 iguanas
  9 worker ants
  A hound zombie (D:5)
  A hound skeleton (D:6)
  A worker ant zombie (D:5)
  13 adders
  2 shadow imps (D:10)
  An ooze (D:1)
  A worm (D:2)
  3 dart slugs
  5 leopard geckos
  40 orcs
  3 giant cockroaches
  5 goblins
  8 hobgoblins
  6 jackals
  11 kobolds
  4 quokkas
  2 ball pythons
  16 bats
  11 frilled lizards
  A giant cockroach zombie (D:6)
  A jackal skeleton (D:4)
  A leopard gecko skeleton (D:4)
  10 rats
297 creatures vanquished.

Vanquished Creatures (collateral kills)
  A skeletal warrior (D:11)
1 creature vanquished.

Vanquished Creatures (others)
  A scorpion (D:7)
1 creature vanquished.

Grand Total: 299 creatures vanquished

Notes
Turn   | Place    | Note
-------+----------+-------------------------------------------
     0 | D:1      | Flugslaktarn the Barachi Fighter began the quest for the
                  | Orb.
     0 | D:1      | Reached XP level 1. HP: 18/18 MP: 1/1
   149 | D:1      | Reached XP level 2. HP: 25/25 MP: 2/2
   441 | D:1      | Reached XP level 3. HP: 27/30 MP: 3/3
   526 | D:1      | Reached skill level 3 in Axes
  1228 | D:2      | Reached XP level 4. HP: 37/37 MP: 4/4
  1705 | D:2      | Found a burning altar of Makhleb.
  1709 | D:2      | Reached XP level 5. HP: 38/43 MP: 5/5
  1715 | D:2      | Became a worshipper of Makhleb the Destroyer
  1850 | D:3      | Noticed Natasha
  1865 | D:3      | Killed Natasha
  1865 | D:3      | Reached skill level 4 in Axes
  1980 | D:3      | Noticed Natasha
  2094 | D:3      | Killed Natasha
  2439 | D:3      | Reached XP level 6. HP: 38/49 MP: 6/6
  2634 | D:3      | Noticed Natasha
  2642 | D:3      | Reached * piety under Makhleb
  2649 | D:3      | Killed Natasha
  2649 | D:3      | Reached skill level 1 in Invocations
  3162 | D:4      | Reached skill level 5 in Fighting
  3187 | D:4      | Reached skill level 5 in Armour
  3249 | D:4      | Reached skill level 5 in Axes
  3249 | D:4      | Reached XP level 7. HP: 24/56 MP: 8/8
  3754 | D:4      | Reached skill level 5 in Shields
  3803 | D:4      | Reached skill level 6 in Axes
  3803 | D:4      | Reached XP level 8. HP: 41/64 MP: 9/9
  3932 | D:4      | Found a stormy altar of Qazlal.
  4111 | D:4      | Reached ** piety under Makhleb
  4252 | D:5      | Entered Level 5 of the Dungeon
  4497 | D:5      | Noticed Grinder
  4524 | D:5      | Killed Grinder
  4690 | D:5      | Found a blossoming altar of Fedhas.
  4764 | D:5      | Noticed a yak
  4764 | D:5      | Noticed a yak
  4765 | D:5      | Noticed a yak
  4765 | D:5      | Noticed a yak
  4773 | D:5      | Killed a yak
  4773 | D:5      | Reached skill level 7 in Axes
  4775 | D:5      | Killed a yak
  4779 | D:5      | Killed a yak
  4779 | D:5      | Reached XP level 9. HP: 50/71 MP: 11/11
  5011 | D:5      | Reached skill level 8 in Axes
  5903 | D:6      | Noticed a hornet
  5922 | D:6      | Killed a hornet
  5970 | D:6      | Noticed Thantalas's ghost (novice TrFi)
  5971 | D:6      | Found a runed translucent door.
  5995 | D:6      | Killed Thantalas's ghost
  5995 | D:6      | Reached skill level 9 in Axes
  6196 | D:6      | Reached XP level 10. HP: 73/80 MP: 13/13
  6378 | D:6      | Found a staircase to the Ecumenical Temple.
  6400 | D:6      | Reached *** piety under Makhleb
  6482 | D:6      | Found an ornate altar of the Wu Jian Council.
  6522 | D:6      | Gained mutation: You are surrounded by a mild repulsion
                  | field. (EV +2) [potion of mutation]
  6522 | D:6      | Gained mutation: Your flesh is heat resistant. (rF+)
                  | [potion of mutation]
  6961 | D:7      | Found a shadowy altar of Dithmenos.
  7088 | D:7      | You fall into a shaft and drop 1 floor!
  7088 | D:8      | Found Ylidal's General Store.
  7122 | D:8      | Bought a +2 pair of gloves of strength for 301 gold pieces
  7207 | D:8      | Reached skill level 5 in Invocations
  7345 | D:8      | Reached skill level 10 in Axes
  7744 | D:7      | Found a radiant altar of Vehumet.
  7746 | D:7      | Found a basalt altar of Yredelemnul.
  8133 | D:9      | Found a sacrificial altar of Ru.
  8156 | D:9      | Found a snail-covered altar of Cheibriados.
  8193 | D:9      | Found an ancient bone altar of Kikubaaqudgha.
  8287 | D:9      | Reached **** piety under Makhleb
  8308 | D:9      | Noticed a death knight
  8346 | D:9      | Found a runed translucent gate.
  8346 | D:9      | Found a runed translucent gate.
  8354 | D:9      | Noticed acepyromaniac2's ghost (novice GnWn)
  8390 | D:9      | You fall into a shaft and drop 3 floors!
  8418 | D:12     | Noticed a cyclops
  8426 | D:12     | Noticed a two-headed ogre
  8609 | D:11     | Noticed a kobold demonologist
  8611 | D:11     | Noticed a soul eater
  8636 | D:11     | Noticed an orange demon
  8667 | D:11     | Noticed a soul eater
  8667 | D:11     | Killed a kobold demonologist
  8667 | D:11     | Reached XP level 11. HP: 49/87 MP: 15/15
  8779 | D:10     | Entered Level 10 of the Dungeon
  8892 | D:10     | Killed an unseen horror
  8892 | D:10     | Reached skill level 11 in Axes
  9106 | D:9      | Noticed Psyche
  9111 | D:9      | Killed Psyche
  9138 | D:9      | Found a runed translucent gate.
  9287 | D:9      | Noticed a two-headed ogre
  9294 | D:9      | Killed a two-headed ogre
  9666 | D:10     | Reached ***** piety under Makhleb
  9725 | D:10     | Found a staircase to the Lair.
 10007 | D:10     | Found a runed translucent door.
 10008 | D:10     | Noticed a fire crab
 10263 | D:11     | Noticed a six-headed hydra
 10275 | D:11     | Killed a one-headed hydra
 10284 | D:11     | Found a transporter.
 10289 | D:11     | Noticed Flugslaktarn's ghost (journeyman MiFi)
 10396 | D:11     | Reached skill level 12 in Axes
 10556 | D:11     | Found a transporter.
 10575 | D:11     | Reached skill level 10 in Fighting
 10712 | D:11     | Reached XP level 12. HP: 96/97 MP: 17/17
 10730 | D:11     | Reached skill level 10 in Armour
 11651 | D:11     | Slain by a skeletal warrior

Illustrated notes

Levels and vault maps discovered:
D:1:      dpeg_arrival_subterranean_lakeside_camping, layout_loops_ring
D:2:      layout_basic, serial_glass, glass_columns_b, glass_columns_c,
          glass_columns_b, glass_columns_c, glass_columns_c, glass_columns_a,
          glass_columns_a, glass_columns_a, makhleb_blood_cavern_becter
D:3:      layout_basic, first_ration, uniq_natasha
D:4:      layout_gridville, nicolae_qazlal_general_emergency
D:5:      layout_rooms, lemuel_coloured_pillars_altar, serial_co_window_serial,
          co_window_of_opportunity_a, co_window_of_opportunity_a,
          co_window_paths_a, co_window_corner_a, co_window_cross_1,
          co_window_cross_4, co_window_2corner, co_window_broadway_a,
          co_window_corner_ca, co_window_2corner, co_window_2corner,
          co_window_cross_2, glass_columns_a, glass_columns_c, glass_columns_a,
          uniq_grinder
D:6:      layout_loops_ring, lemuel_round_altar,
          minmay_temple_entry_sparse_star, hellmonk_ghost_happy_afterlife
D:7:      layout_gridville, grunt_temple_overflow_open,
          overflow_temple_1_default
D:8:      layout_loops_cross, serial_shops, shop
D:9:      layout_loops_ring, cheibriados_altar_1, lemuel_round_altar,
          lemuel_round_altar, gammafunk_ghost_split, uniq_psyche
D:10:     gammafunk_mikee_crab_dinner, layout_basic, erik_lair_orcish_takeover
D:11:     layout_basic, gammafunk_ghost_mausoleum
D:12:     layout_layer_cave, orc_0_dummy, grunt_ogre_cave

Skill      XL: |  1  2  3  4  5  6  7  8  9 10 11 12 |
---------------+-------------------------------------+-----
Axes           | 3 4 5 6 7 9 10 12 | 12.5
Armour         | 4 5 6 7 8 9 10 | 10.2
Fighting       | 4 5 6 7 8 10 | 10.2
Shields        | 4 5 6 7 8 9 |  9.4
Invocations    | 1 2 3 4 5 6 7 |  7.0

Action                   |  1- 3 |  4- 6 |  7- 9 | 10-12 || total
-------------------------+-------+-------+-------+-------++-------
Melee: War axe           |   145 |   153 |   262 |   632 ||  1192
Invok: Lesser Servant of |       |       |       |     2 ||     2
 Abil: Hop               |       |       |     1 |     2 ||     3
Evoke: Wand              |       |       |       |     1 ||     1
  Use: Potion            |       |     1 |     5 |     2 ||     8
       Scroll            |       |       |    12 |    14 ||    26
  Eat: Chunk             |     2 |     4 |     7 |    17 ||    30
       Ration            |       |     1 |     1 |     3 ||     5
Armor: Scale mail        |    82 |     2 |       |       ||    84
       Chain mail        |       |    93 |   124 |   118 ||   335
       Plate armour      |       |       |       |   192 ||   192
Dodge: Dodged            |    53 |    24 |    60 |   155 ||   292
Block: Kite shield       |    79 |    54 |   112 |   327 ||   572
       Tower shield      |       |    64 |     9 |       ||    73

Table legend:
 A = Non-vault XP
 B = Vault XP
 C = Vault XP percentage of total XP
 D = Non-vault monster count
 E = Vault monster count
 F = Vault count percentage of total count
                 A         B        C        D         E       F
            +---------+---------+-------+---------+---------+-------
      Total |   19484 |    2129 |   9.9 |     281 |      18 |   6.0
            +---------+---------+-------+---------+---------+-------
        D:1 |      59 |       8 |  11.9 |      30 |       6 |  16.7
        D:2 |     105 |      43 |  29.1 |      25 |       1 |   3.8
        D:3 |     242 |      35 |  12.6 |      25 |       1 |   3.8
        D:4 |     797 |       0 |   0.0 |      28 |       0 |   0.0
        D:5 |    1414 |     309 |  17.9 |      20 |       1 |   4.8
        D:6 |    1209 |     709 |  37.0 |      20 |       1 |   4.8
        D:7 |    1342 |       0 |   0.0 |      20 |       0 |   0.0
        D:8 |    1225 |       0 |   0.0 |      24 |       0 |   0.0
        D:9 |    2717 |     434 |  13.8 |      27 |       1 |   3.6
       D:10 |    2509 |     591 |  19.1 |      18 |       7 |  28.0
       D:11 |    7299 |       0 |   0.0 |      36 |       0 |   0.0
       D:12 |     566 |       0 |   0.0 |       8 |       0 |   0.0
            +---------+---------+-------+---------+---------+-------
